 Dungeon Crawl Stone Soup version 0.26-a0-259-g1effd001a9 (webtiles) character file.

Game seed: 8070232606554526851

123 night the Chiller (level 5, -2/35 HPs)
             Began as a Merfolk Ice Elementalist on July 17, 2020.
             Slain by Grinder (6 damage)
             ... while paralysed by Grinder
             ... on level 3 of the Dungeon.
             The game lasted 00:08:02 (2838 turns).

night the Chiller (Merfolk Ice Elementalist)        Turns: 2838, Time: 00:08:03

Health: -2/35      AC:  3    Str:  8    XL:     5   Next: 7%
Magic:  6/9        EV:  2    Int: 15    God:
Gold:   148        SH:  0    Dex: 15    Spells: 6/10 levels left

rFire    . . .     SeeInvis .   e - +1 dagger
rCold    . . .     Faith    .   (no shield)
rNeg     . . .     Spirit   .   a - +0 robe
rPois    .         Reflect  .   i - +1 hat
rElec    .         Harm     .   (no cloak)
rCorr    .                      (no gloves)
MR       .....                  (no boots)
Stlth    ++........             (no amulet)
HPRegen  0.11/turn              (no ring)
MPRegen  0.11/turn              (no ring)

@: paralysed, frozen ramparts
A: change form in water, swift swim, stealthy swim
a: no special abilities


You were on level 3 of the Dungeon.
You were not hungry.

You visited 1 branch of the dungeon, and saw 3 of its levels.

You collected 148 gold pieces.

Inventory:

Hand Weapons
 e - a +1 dagger (weapon)
Missiles
 f - 105 stones (quivered)
 k - 5 boomerangs
 n - 19 sling bullets
Armour
 a - a +0 robe (worn)
 i - a +1 hat (worn)
Scrolls
 b - 2 scrolls of enchant weapon
 g - a scroll of teleportation
 j - a scroll of noise {unknown}
 l - a scroll of remove curse
 p - a scroll of amnesia {unknown}
Potions
 d - 2 potions of heal wounds
 h - a potion of berserk rage {unknown}
 m - a potion of brilliance
 o - a potion of magic {unknown}
 r - 3 potions of haste {unknown}
Comestibles
 c - 16 rations


   Skills:
 + Level 0.1 Fighting
 + Level 1.0 Short Blades
 - Level 2.6 Dodging
 - Level 2.1 Stealth
 + Level 3.0 Spellcasting
 * Level 6.0 Ice Magic


You had 6 spell levels left.
You knew the following spells:

 Your Spells              Type           Power        Failure   Level
a - Freeze                Ice            ###.         1%          1
b - Frozen Ramparts       Ice            ###...       4%          3

Your spell library contained the following spells:

 Spells                   Type           Power        Failure   Level
 Ozocubu's Armour         Chrm/Ice       ##......     17%         3
 Hailstorm                Conj/Ice       ##......     50%         4
 Summon Ice Beast         Ice/Summ       ##......     50%         4


Dungeon Overview and Level Annotations

Branches:
Dungeon (3/15)

Altars:
Ashenzari
Wu Jian

Annotations:
D:3 Grinder


Message History

Grinder gestures at you. Pain shoots through your body!
Grinder completely resists.
The wall freezes Grinder but do no damage.
Grinder gestures at you.
You shrug off the repeated paralysis!
A quokka comes into view.
Grinder completely resists.
The wall freezes Grinder but do no damage.
Grinder completely resists.
The wall freezes Grinder but do no damage.
Grinder gestures at you. Pain shoots through your body!
* * * LOW HITPOINT WARNING * * *
The wall freezes the quokka.
Grinder completely resists.
The wall freezes Grinder but do no damage.
Grinder hits you.
* * * LOW HITPOINT WARNING * * *
You writhe in agony.
You die...

#.# # #.........#
#.#####.#.#.#####.#
##.#.....#.#.#####.#
.
..................#
#. #.#.#
##.....######
.##.##.#†## #.....#
..........# ####r.#
.....>..#.######5.#
###.##..........@.#
#......########.#
####.#.########.#
#.#..........#
#.############ ..#
###


You could see Grinder and a quokka.

Vanquished Creatures
  3 gnolls (D:3)
  4 adders
  2 oozes
  A dart slug (D:1)
  A leopard gecko (D:1)
  5 bats
  A giant cockroach (D:2)
  9 goblins
  5 hobgoblins
  8 jackals
  A ball python (D:1)
  A frilled lizard (D:2)
  4 kobolds
  4 rats
49 creatures vanquished.

Notes
Turn   | Place    | Note
-------+----------+-------------------------------------------
     0 | D:1      | night the Merfolk Ice Elementalist began the quest for the
                  | Orb.
     0 | D:1      | Reached XP level 1. HP: 13/13 MP: 3/3
   228 | D:1      | Reached XP level 2. HP: 19/19 MP: 1/5
   335 | D:1      | Reached skill level 5 in Ice Magic
   698 | D:1      | Reached XP level 3. HP: 24/24 MP: 2/6
   703 | D:1      | Learned a level 3 spell: Frozen Ramparts
  1739 | D:2      | Reached XP level 4. HP: 27/30 MP: 3/7
  1786 | D:2      | Found an ornate altar of the Wu Jian Council.
  2238 | D:2      | Found a shattered altar of Ashenzari.
  2548 | D:3      | Reached skill level 1 in Short Blades
  2563 | D:3      | Reached skill level 6 in Ice Magic
  2754 | D:3      | Reached XP level 5. HP: 35/35 MP: 6/9
  2812 | D:3      | Noticed Grinder
  2817 | D:3      | Paralysed by Grinder for 5 turns
  2833 | D:3      | Paralysed by Grinder for 7 turns
  2837 | D:3      | HP: 4/35 [Grinder/nerve-wracking pain (8)]
  2838 | D:3      | Slain by Grinder

Illustrated notes

Levels and vault maps discovered:
D:1:      dpeg_arrival_renting, layout_loops_ring, minivault_26
D:2:      layout_loops_ring, nicolae_overflow_crystal_walls,
          lemuel_coloured_pillars_altar
D:3:      layout_loops_ring, trog_eyes_of_draining,
          nicolae_dithmenos_through_a_glass_darkly, first_ration, tgw_fedhas,
          uniq_grinder

Skill      XL: |  1  2  3  4 |
---------------+-------------+-----
Ice Magic      | 5 6 |  6.0
Short Blades   | 1 |  1.0
Spellcasting   | 3 |  3.0
Fighting       | |  0.1
Dodging        | |  2.6
Stealth        | |  2.1

Action                   |  1- 3 |  4- 6 || total
-------------------------+-------+-------++-------
Melee: Dagger            |    11 |     6 ||    17
       Unarmed           |     1 |       ||     1
 Cast: Freeze            |    34 |    11 ||    45
       Frozen Ramparts   |     4 |     8 ||    12
  Use: Scroll            |     3 |     5 ||     8
       Potion            |       |     1 ||     1
 Stab: Sleeping          |     5 |     3 ||     8
  Eat: Ration            |     1 |     1 ||     2
Armor: Robe              |     7 |     3 ||    10
Dodge: Dodged            |    18 |    18 ||    36

Table legend:
 A = Non-vault XP
 B = Vault XP
 C = Vault XP percentage of total XP
 D = Non-vault monster count
 E = Vault monster count
 F = Vault count percentage of total count
                 A         B        C        D         E       F
            +---------+---------+-------+---------+---------+-------
      Total |     177 |       0 |   0.0 |      49 |       0 |   0.0
            +---------+---------+-------+---------+---------+-------
        D:1 |      39 |       0 |   0.0 |      18 |       0 |   0.0
        D:2 |      61 |       0 |   0.0 |      21 |       0 |   0.0
        D:3 |      77 |       0 |   0.0 |      10 |       0 |   0.0
            +---------+---------+-------+---------+---------+-------
